 Dungeon Crawl Stone Soup version 0.20-a0-441-g89e74e4 (webtiles) character file.

203 Kriby the Skirmisher (level 5, -3/43 HPs)
             Began as a Mummy Fighter on Jan 6, 2017.
             Killed from afar by an orc wizard (6 damage)
             ... with a magic dart
             ... on level 3 of the Dungeon.
             The game lasted 00:02:12 (2305 turns).

Kriby the Skirmisher (Mummy Fighter)                Turns: 2305, Time: 00:02:12

Health: -3/43      AC:  7    Str: 20    XL:     5   Next: 51%
Magic:  5/5        EV:  9    Int:  8    God:
Gold:   112        SH:  2    Dex: 11    Spells: 4/4 levels left

rFire  x . .     SeeInvis .     l - +0 battleaxe
rCold  + . .     Gourm    .     b - +0 scale mail
rNeg   + + +     Faith    .     (shield currently unavailable)
rPois  ∞         Spirit   .     g - +0 helmet
rElec  .         Reflect  +     (no cloak)
rCorr  .         Harm     .     (no gloves)
MR     .....                    (no boots)
Stlth  ..........               j - +2 amulet of reflection
                                (no ring)
                                (no ring)

@: no status effects
A: no food or potions, fire vulnerability, cold resistance 1, negative energy
resistance 3, torment resistance, unbreathing
a: no special abilities


You were on level 3 of the Dungeon.
You were not hungry.

You visited 1 branch of the dungeon, and saw 3 of its levels.

You collected 112 gold pieces.

Inventory:

Hand Weapons
 a - a +0 war axe
 l - a +0 battleaxe (weapon)
Armour
 b - a +0 scale mail (worn)
 c - a +0 shield
 g - a +0 helmet (worn)
Jewellery
 j - a +2 amulet of reflection (around neck)
Scrolls
 d - 4 scrolls of teleportation {unknown}
 e - 2 scrolls of identify {unknown}
 f - 2 scrolls of enchant weapon {unknown}
 h - a scroll of fear {unknown}
 i - a scroll of amnesia {unknown}
 k - a scroll of random uselessness {unknown}


   Skills:
 * Level 4.9 Fighting
 + Level 2.7 Axes
 + Level 1.9 Throwing
 - Level 2.4 Armour
 - Level 2.4 Shields


You had 4 spell levels left.
You didn't know any spells.

Dungeon Overview and Level Annotations

Branches:
Dungeon (3/15)

Altars:
Ashenzari


Innate Abilities, Weirdness & Mutations

You do not eat or drink.
Your flesh is vulnerable to fire.
You are immune to poison.
Your flesh is cold resistant. (rC+)
You are immune to negative energy. (rN+++)
You are immune to unholy pain and torment.
You can survive without breathing.


Message History

You kill the orc!
You slash the orc!
You kill the orc!
The orc wizard hits you but does no damage.
You slash the orc wizard!
You kill the orc wizard!
The orc wizard hits you but does no damage.
You closely miss the orc wizard. The orc wizard closely misses you.
The orc wizard hits you but does no damage.
You block the orc wizard's attack.
You barely miss the orc wizard.
The orc wizard hits you but does no damage. x2
You closely miss the orc wizard.
The orc wizard mumbles some strange words.
The orc wizard blinks!
The orc wizard casts a spell.
The orc wizard blinks!
The orc wizard gestures at you while chanting.
The magic dart hits you!
You die...

.........#. #...
#........# ##...
#.........# ...#
#.......#... #..#
#.......###.. #))#####
#####.#####...#..)...###
...#.....##....
#..####....# .
#..####@##.....
######..##...#...#..
#.................##
#......o...........#
#..†...............#
#.......(....!.....
#####......(..........#
.................#...##
######################


You could see an orc wizard.

Vanquished Creatures
  A centaur skeleton (D:3)
  An orc wizard (D:3)
  A hound skeleton (D:3)
  3 adders
  An ooze (D:2)
  2 worms
  3 dart slugs
  4 leopard geckos
  6 orcs (D:3)
  6 giant cockroaches
  12 goblins
  12 hobgoblins
  9 jackals
  5 bats
  3 frilled lizards
  7 kobolds
  4 rats
80 creatures vanquished.

Notes
Turn   | Place    | Note
-------+----------+-------------------------------------------
     0 | D:1      | Kriby the Mummy Fighter began the quest for the Orb.
     0 | D:1      | Reached XP level 1. HP: 18/18 MP: 1/1
   239 | D:1      | Reached XP level 2. HP: 22/24 MP: 2/2
   464 | D:1      | Reached skill level 1 in Throwing
   762 | D:1      | Reached XP level 3. HP: 28/29 MP: 3/3
  1187 | D:2      | Reached skill level 4 in Fighting
  1276 | D:2      | Reached XP level 4. HP: 9/37 MP: 4/4
  2144 | D:3      | Found a shattered altar of Ashenzari.
  2148 | D:3      | Saw a vision of the Shoals and the Snake Pit.
  2148 | D:3      | Noticed a sea snake
  2148 | D:3      | Noticed a salamander
  2148 | D:3      | Noticed a naga mage
  2148 | D:3      | Noticed a naga ritualist
  2148 | D:3      | Noticed a sea snake
  2148 | D:3      | Noticed a centaur
  2148 | D:3      | Noticed a sea snake
  2148 | D:3      | Noticed a merfolk siren
  2148 | D:3      | Noticed a hippogriff
  2148 | D:3      | Noticed an anaconda
  2148 | D:3      | Noticed a sea snake
  2148 | D:3      | Noticed a shock serpent
  2149 | D:3      | Noticed a merfolk siren
  2149 | D:3      | Noticed a merfolk siren
  2216 | D:3      | Reached XP level 5. HP: 37/43 MP: 5/5
  2295 | D:3      | HP: 2/43 [orc wizard/magic dart (2)]
  2305 | D:3      | Killed from afar by an orc wizard

Vault maps used:
D:1:      tarquinn_simple_flora_water_a, grunt_decor_resistance
D:2:      st_stairs_14
D:3:      grunt_ashenzari_visionary

Skill      XL: |  1  2  3 |
---------------+----------+-----
Throwing       | 1 |  1.9
Axes           | 2 |  2.7
Fighting       | 4 |  4.9
Armour         | |  2.4
Shields        | |  2.4

Action                   |  1- 3 |  4- 6 || total
-------------------------+-------+-------++-------
Melee: War axe           |   144 |    71 ||   215
       Battleaxe         |       |    32 ||    32
Armor: Scale mail        |    77 |    59 ||   136
Dodge: Dodged            |    55 |    57 ||   112
Block: Shield            |    80 |    28 ||   108
       Other             |       |     4 ||     4
